 Dungeon Sprint DCSS version 0.28-a0-919-g0b5b508569 (webtiles) character file.

Game seed: 16463216755325112501

5298 SmokeWeed the Fencer (level 10, -9/107 HPs)
             Began as a Minotaur Berserker on Nov 26, 2021.
             Was a High Priest of Trog.
             Mangled by a 13-headed hydra (10 damage)
             ... in the Dungeon (Sprint IX: "|||||||||||||||||||||||||||||").
             The game lasted 00:05:04 (746 turns).

SmokeWeed the Fencer (Minotaur Berserker)            Turns: 746, Time: 00:05:05

Health: -9/107     AC: 15    Str: 22    XL:     10   Next: 37%
Magic:  9/9        EV: 14    Int:  6    God:    Trog [*****.]
Gold:   0          SH:  0    Dex: 11    Spells: 9/9 levels left

rFire   . . .      SeeInvis .   l - +4 scimitar (holy)
rCold   . . .      Faith    .   (no shield)
rNeg    . . .      Spirit   .   n - +1 scale mail
rPois   .          Reflect  .   (helmet restricted)
rElec   .          Harm     .   m - +0 cloak
rCorr   .          Rampage  .   (no gloves)
Will    ++...      NoTele   +   (no boots)
Stlth   +.........              (no amulet)
HPRegen 1.27/turn               o - +2 ring of protection
MPRegen 0.11/turn               p - +2 ring of protection

@: strong-willed, on berserk cooldown, regenerating, slowed, very slow
A: horns 2, retaliatory headbutt
a: Renounce Religion, Berserk, Trog's Hand, Brothers in Arms


You were in the Dungeon.
You worshipped Trog.
Trog was extremely pleased with you.
You visited 1 branch

Inventory:

Hand Weapons
 k - the +2 dire flail of the Lurker {freeze, rElec rC+ Int-2 Dex+2}
   (You found it in the Dungeon)

   It freezes those it strikes, dealing additional cold damage.
   It can also slow down cold-blooded creatures.
   Int:       It affects your intelligence (-2).
   Dex:       It affects your dexterity (+2).
   rC:        It protects you from cold.
   rElec:     It insulates you from electricity.
 l - a +4 scimitar of holy wrath (weapon)
Armour
 b - a +0 animal skin
 m - a +0 cloak (worn)
 n - a +1 scale mail (worn)
Jewellery
 o - a +2 ring of protection (left hand)
 p - a +2 ring of protection (right hand)
Wands
 j - a wand of acid (10)
Scrolls
 h - 4 scrolls of blinking
 r - a scroll of fog
 s - a scroll of identify
Potions
 c - 6 potions of curing
 d - 5 potions of heal wounds
 e - a potion of haste
 f - 4 potions of magic
 g - a potion of berserk rage
 i - 3 potions of might


   Skills:
 + Level 15.8 Fighting
 + Level 17.5 Long Blades
 * Level 12.5 Armour
 * Level 11.4 Dodging
 + Level 2.8 Stealth
 * Level 3.5 Evocations


You had 9 spell levels left.
You didn't know any spells.
Your spell library was empty.

Dungeon Overview and Level Annotations

Branches:
Dungeon (1/1)

Altars:
Cheibriados
Dithmenos
Elyvilon
Fedhas
Gozag
Hepliaklqana
Kikubaaqudgha
Makhleb
Nemelex Xobeh
Okawaru
Qazlal
Ru
Sif Muna
Trog
Uskayaw
Vehumet
Wu Jian
Xom
Yredelemnul
Zin
The Shining One
Beogh
Jiyva
Lugonu


Innate Abilities, Weirdness & Mutations

You have a pair of horns on your head.
You reflexively headbutt those who attack you in melee.


Message History

The 11-headed hydra completely misses you.
The 11-headed hydra misses you. The 11-headed hydra bites you. x2
The 11-headed hydra bites you but does no damage.
You chop one of the 11-headed hydra's heads off!
The ten-headed hydra grows two more!
You hit the 12-headed hydra. You headbutt the 12-headed hydra!
The 12-headed hydra is severely wounded.
The 12-headed hydra bites you. The 12-headed hydra closely misses you.
The 12-headed hydra bites you. x2; The 12-headed hydra bites you! x2
The 12-headed hydra bites you but does no damage.
The 12-headed hydra closely misses you. The 12-headed hydra bites you.
The 12-headed hydra bites you but does no damage.
The 12-headed hydra bites you. The 12-headed hydra misses you.
The yak snorts and paws the ground.
A wolf comes into view.
You barely miss the 12-headed hydra.
The 12-headed hydra is severely wounded.
The 12-headed hydra completely misses you.
The 12-headed hydra bites you but does no damage.
The 12-headed hydra barely misses you. The 12-headed hydra misses you.
The 12-headed hydra bites you!
* * * LOW HITPOINT WARNING * * *
The 12-headed hydra bites you!
* * * LOW HITPOINT WARNING * * *
The 12-headed hydra barely misses you.
The 12-headed hydra bites you but does no damage.
The 12-headed hydra bites you!
* * * LOW HITPOINT WARNING * * *
The 12-headed hydra bites you.
* * * LOW HITPOINT WARNING * * *
The 12-headed hydra bites you but does no damage.
The 12-headed hydra barely misses you.
You slice one of the 12-headed hydra's heads off!
The 11-headed hydra grows two more!
You slash the 13-headed hydra! You headbutt the 13-headed hydra!
The 13-headed hydra is almost dead.
The 13-headed hydra bites you.
* * * LOW HITPOINT WARNING * * *
The 13-headed hydra bites you!
You die...

▓▓▓▓▓▓▓▓▓▓▓▓▓▓▓▓▓▓▓▓▓▓▓▓
.hFYSFD@......††')....[|
▓▓▓▓▓▓▓▓▓▓▓▓▓▓▓▓▓▓▓▓▓▓▓▓▓▓▓▓▓▓▓▓▓
.................................
▓▓▓▓▓▓▓▓▓▓▓▓▓▓▓▓▓▓▓▓▓▓▓▓▓▓▓▓▓▓▓▓▓
[.)?.'________________________'††
▓▓▓▓▓▓▓▓▓▓▓▓▓▓▓▓▓▓▓▓▓▓▓▓▓▓▓▓▓▓▓▓▓


You could see a 13-headed hydra, a black mamba, a yak, a wolf and 2 bullfrogs.

Vanquished Creatures
  A hydra (D)
  A centaur warrior (D)
  A two-headed ogre (D)
  A gargoyle (D)
  A komodo dragon (D)
  2 rime drakes (D)
  A polar bear (D)
  A meliai (D)
  A shadow (D)
  A basilisk (D)
  2 wraiths (D)
  2 yaks (D)
  A vampire (D)
  A vampire mosquito (D)
  2 water moccasins (D)
  An ogre (D)
  3 bullfrogs (D)
  An iguana (D)
  A dart slug (D)
  An orc (D)
  An endoplasm (D)
  3 goblins (D)
  A hobgoblin (D)
  A ball python zombie (D)
32 creatures vanquished.

Vanquished Creatures (collateral kills)
  An elephant (D)
  A bullfrog (D)
2 creatures vanquished.

Grand Total: 34 creatures vanquished

Notes
Turn   | Place    | Note
-------+----------+-------------------------------------------
     0 | D        | SmokeWeed the Minotaur Berserker began the quest for the
                  | Orb.
     0 | D        | Reached XP level 1. HP: 19/19 MP: 0/0
     7 | D        | Reached skill level 4 in Long Blades
     9 | D        | Reached ** piety under Trog
    22 | D        | Banished a spatial maelstrom
   183 | D        | Noticed an iguana
   183 | D        | Noticed an ogre
   187 | D        | Reached XP level 2. HP: 28/28 MP: 1/1
   192 | D        | Killed an ogre
   192 | D        | Reached *** piety under Trog
   193 | D        | Reached skill level 7 in Long Blades
   193 | D        | Reached XP level 3. HP: 39/39 MP: 2/2
   193 | D        | Reached XP level 4. HP: 47/47 MP: 3/3
   201 | D        | Reached skill level 5 in Armour
   225 | D        | Found a snail-covered altar of Cheibriados.
   225 | D        | Found a shadowy altar of Dithmenos.
   225 | D        | Found a white marble altar of Elyvilon.
   225 | D        | Found a blossoming altar of Fedhas.
   225 | D        | Found an opulent altar of Gozag.
   226 | D        | Found a hazy altar of Hepliaklqana.
   227 | D        | Found a viscous altar of Jiyva.
   228 | D        | Found an ancient bone altar of Kikubaaqudgha.
   229 | D        | Found a corrupted altar of Lugonu.
   230 | D        | Found a burning altar of Makhleb.
   231 | D        | Found a sparkling altar of Nemelex Xobeh.
   232 | D        | Found an iron altar of Okawaru.
   233 | D        | Found a stormy altar of Qazlal.
   234 | D        | Found a sacrificial altar of Ru.
   235 | D        | Found a shimmering blue altar of Sif Muna.
   236 | D        | Found a bloodstained altar of Trog.
   237 | D        | Found a hide-covered altar of Uskayaw.
   238 | D        | Found a radiant altar of Vehumet.
   239 | D        | Found an ornate altar of the Wu Jian Council.
   240 | D        | Found a shimmering altar of Xom.
   241 | D        | Found a basalt altar of Yredelemnul.
   242 | D        | Found a glowing silver altar of Zin.
   243 | D        | Found a glowing golden altar of the Shining One.
   259 | D        | Got the +2 dire flail of the Lurker {freeze, rElec rC+
                  | Int-2 Dex+2}
   291 | D        | Noticed a shadow
   291 | D        | Noticed a two-headed ogre
   291 | D        | Noticed a wraith
   291 | D        | Noticed a yak
   291 | D        | Noticed a yak
   291 | D        | Noticed a wraith
   295 | D        | Killed a wraith
   296 | D        | Reached skill level 9 in Long Blades
   296 | D        | Reached XP level 5. HP: 57/57 MP: 4/4
   296 | D        | Reached XP level 6. HP: 63/63 MP: 5/5
   299 | D        | Killed a yak
   299 | D        | Reached **** piety under Trog
   300 | D        | Reached skill level 10 in Fighting
   300 | D        | Reached skill level 10 in Long Blades
   301 | D        | Killed a yak
   302 | D        | Reached skill level 11 in Long Blades
   302 | D        | Reached XP level 7. HP: 73/73 MP: 6/6
   303 | D        | Killed a wraith
   307 | D        | Killed a two-headed ogre
   308 | D        | Reached skill level 13 in Long Blades
   308 | D        | Reached skill level 1 in Stealth
   308 | D        | Reached XP level 8. HP: 85/85 MP: 7/7
   312 | D        | Reached ***** piety under Trog
   349 | D        | Noticed a centaur warrior
   349 | D        | Noticed a seven-headed hydra
   349 | D        | Noticed a gargoyle
   349 | D        | Noticed a meliai
   354 | D        | Reached skill level 14 in Long Blades
   358 | D        | Killed a meliai
   359 | D        | Reached skill level 10 in Armour
   366 | D        | Killed a 13-headed hydra
   367 | D        | Reached skill level 15 in Long Blades
   367 | D        | Reached skill level 10 in Dodging
   367 | D        | Reached XP level 9. HP: 73/95 MP: 8/8
   369 | D        | Killed a gargoyle
   379 | D        | Killed a centaur warrior
   380 | D        | Reached skill level 16 in Long Blades
   672 | D        | Noticed a komodo dragon
   672 | D        | Noticed a rime drake
   675 | D        | Received a gift from Trog
   676 | D        | Reached skill level 15 in Fighting
   676 | D        | Noticed an elephant
   680 | D        | Reached skill level 1 in Evocations
   682 | D        | Killed a rime drake
   683 | D        | Reached XP level 10. HP: 105/105 MP: 9/9
   689 | D        | Reached skill level 17 in Long Blades
   699 | D        | Killed an elephant
   729 | D        | Noticed a black mamba
   729 | D        | Noticed an eight-headed hydra
   739 | D        | Received a gift from Trog
   745 | D        | HP: 4/107 [12-headed hydra (4)]
   746 | D        | HP: 1/107 [13-headed hydra (4)]
   746 | D        | Mangled by a 13-headed hydra

Illustrated notes

Levels and vault maps discovered:
D:        linesprint [early_d, line_temple, items_1, d_10, items_2, lair_1,
          lair_end, items_3, orc_1, orc_end, items_4, d_15, swamp_1, shoals_1,
          snake_1, spider_1, d_20, vaults_1, items_5, swamp_end, shoals_end,
          snake_end, spider_end, vaults_end, d_27, items_6, zot_1, zot_end,
          crypt_end, forest_end, elf_end, slime_end, tomb_end, abyss_end,
          pan_hell_end]

Skill      XL: |  1  2  3  4  5  6  7  8  9 10 |
---------------+-------------------------------+-----
Fighting       | 4 7 9 10 12 14 15 | 15.8
Long Blades    | 4 7 9 11 13 15 16 17 | 17.5
Armour         | 3 4 6 7 9 10 11 12 | 12.5
Dodging        | 4 6 7 8 10 11 | 11.4
Stealth        | 1 2 |  2.8
Evocations     | 1 3 |  3.5

Action                   |  1- 3 |  4- 6 |  7- 9 | 10-12 || total
-------------------------+-------+-------+-------+-------++-------
Melee: Falchion          |    14 |     7 |       |       ||    21
       Headbutt          |     1 |     2 |    12 |     8 ||    23
       Scimitar          |       |     9 |    46 |    30 ||    85
Invok: Berserk           |     1 |     1 |     2 |     1 ||     5
       Trog's Hand       |       |     1 |     2 |     1 ||     4
       Brothers in Arms  |       |       |       |     1 ||     1
  Use: Potion            |       |     1 |       |       ||     1
       Scroll            |       |       |     2 |       ||     2
 Stab: Invisible         |       |       |     1 |       ||     1
Armor: Scale mail        |       |       |    24 |    24 ||    48
Dodge: Dodged            |     2 |     8 |    26 |    20 ||    56

Table legend: (Time is in decaauts)
 A = Elapsed time spent in this place.
 B = Non-inter-level travel time spent in this place.
 C = Inter-level travel time spent in this place.
 D = Time resting spent in this place.
 E = Time spent auto-exploring this place.
 F = Levels seen in this place.
 G = Mean time per level.
                   A        B        C        D        E       F      G
               +--------+--------+--------+--------+--------+-----+--------+
         Total |    749 |    749 |      0 |    432 |      0 |   1 |  749.0 |
       Dungeon |    749 |    749 |      0 |    432 |      0 |   1 |  749.0 |
               +--------+--------+--------+--------+--------+-----+--------+

Top non-repeatable levels by time:
       D: 749 daAuts
